 Dungeon Crawl Stone Soup version 0.30-a0-782-ge64f9170bb (webtiles) character file.

Game seed: 439782111640497274

3480 mopl the Covert (level 10, -1/60 HPs)
             Began as an Octopode Brigand on Mar 1, 2023.
             Was a Priest of Dithmenos.
             Slain by a wyvern (9 damage)
             ... while petrified by a basilisk
             ... on level 9 of the Dungeon.
             The game lasted 00:10:00 (6628 turns).

mopl the Covert (Octopode Brigand)                  Turns: 6628, Time: 00:10:01

Health: -1/60      AC:  1    Str: 11    XL:     10   Next: 7%
Magic:  14/14      EV:  2    Int: 18    God:    Dithmenos [***...]
Gold:   402        SH:  0    Dex: 13    Spells: 4/9 levels left

rFire   . . .      SeeInvis .    a - +1 dagger (elec)
rCold   . . .      Faith    +    x - +0 tower shield
rNeg    + + +      Spirit   .    (helmet restricted)
rPois   ∞          Reflect  .    d - amulet of faith {!P}
rElec   .          Harm     .    t - +5 ring of evasion
rCorr   .          Rampage  .    (no ring)
Will    .....                    (no ring)
Stlth   ++++++++                 (no ring)
HPRegen 0.30/turn                (no ring)
MPRegen 0.14/turn                (no ring)
                                 (no ring)
                                 (no ring)

@: petrified, wreathed by umbra
A: almost no armour, amphibious, 8 rings, camouflage 1, gelatinous body 1,
(nimble swimmer 1), tentacles
a: Renounce Religion, Shadow Step


You were on level 9 of the Dungeon.
You worshipped Dithmenos.
Dithmenos was most pleased with you.
You visited 1 branch of the dungeon, and saw 9 of its levels.

You collected 402 gold pieces.

Inventory:

Hand Weapons
 a - a +1 dagger of electrocution (weapon)
 b - a +2 dagger of venom
 h - a +2 dagger
 k - the +1 sling of Tinnom {elec, rN+ Will+}
   (You found it on level 2 of the Dungeon)

   rN:        It protects you from negative energy.
   Will:      It increases your willpower.
 R - a +2 broad axe of flaming
 U - a +3 scimitar of freezing
Missiles
 c - 3 curare-tipped darts
 I - 3 silver boomerangs
 M - 6 boomerangs
 N - 6 atropa-tipped darts
 P - 12 poisoned darts (quivered)
Armour
 x - a +0 tower shield (worn)
Magical Staves
 B - a staff of poison
Jewellery
 d - an amulet of faith (around mantle) {!P}
 t - a +5 ring of evasion (left tentacle)
 T - an amulet of guardian spirit
Wands
 j - a wand of quicksilver (13)
 z - a wand of flame (11)
 D - a wand of iceblast (3)
 K - a wand of mindburst (19)
 Q - a wand of polymorph (10)
Scrolls
 e - 2 scrolls of amnesia {unknown}
 f - 2 scrolls of immolation {unknown}
 m - 4 scrolls of enchant armour {unknown}
 s - 3 scrolls of teleportation {unknown}
 v - a scroll of poison {unknown}
 w - 3 scrolls of blinking {unknown}
 y - a scroll of vulnerability {unknown}
 A - 2 scrolls of silence {unknown}
 C - 2 scrolls of fear {unknown}
 E - a scroll of noise {unknown}
 F - a scroll of enchant weapon {unknown}
 J - a scroll of fog {unknown}
 S - a scroll of identify
Potions
 g - a potion of resistance
 i - 6 potions of curing
 l - 2 potions of mutation {!q}
 n - 2 potions of heal wounds
 o - a potion of haste
 p - a potion of cancellation
 q - 2 potions of flight
 r - a potion of ambrosia
 u - a potion of might
 G - 3 potions of attraction {unknown}
 H - 2 potions of magic
 L - a potion of brilliance
Miscellaneous
 O - a box of beasts


   Skills:
 - Level 2.0 Fighting
 + Level 6.3 Short Blades
 + Level 6.3 Throwing
 - Level 1.0 Dodging
 + Level 10.1 Stealth
 + Level 4.9 Shields
 + Level 1.3 Translocations
 + Level 5.6 Invocations
 + Level 5.7 Evocations


You had 4 spell levels left.
You knew the following spells:

 Your Spells              Type           Power      Damage    Failure   Level
c - Mephitic Cloud        Conj/Pois/Air  0%         N/A       100%        3
e - Blink                 Tloc           8%         N/A       90%         2

Your spell library contained the following spells:

 Spells                   Type           Power      Damage    Failure   Level
 Lesser Beckoning         Tloc           8%         N/A       90%         2
 Freeze                   Ice            0%         1d3       93%         1
 Momentum Strike          Conj/Tloc      4%         3d8       95%         2
 Cigotuvi's Dreadful Rot  Necr/Pois/Air  0%         N/A       98%         2
 Poisonous Vapours        Pois/Air       0%         N/A       98%         2
 Frozen Ramparts          Ice            0%         1d1       100%        3
 Hailstorm                Conj/Ice       0%         3d3       100%        3
 Ignite Poison            Fire/Tmut/Pois 0%         N/A       100%        3
 Cause Fear               Hex            0%         N/A       100%        4
 Sticky Flame             Conj/Fire      0%         2d3       100%        4
 Freezing Cloud           Conj/Ice/Air   0%         6-21      100%        5
 Simulacrum               Ice/Necr       0%         N/A       100%        6
 Dragon Form              Tmut           0%         N/A       100%        7
 Ignition                 Fire           0%         3d3       100%        8
 Dragon's Call            Summ           0%         N/A       100%        9
 Polar Vortex             Ice            0%         N/A       100%        9


Dungeon Overview and Level Annotations

Branches:
Dungeon (9/15)             Temple (0/1) D:7            Lair (0/5) D:9
    Orc: D:9-12

Altars:
Ashenzari
Dithmenos
Fedhas
Hepliaklqana
Makhleb
Okawaru
Qazlal
Ru
Trog
Uskayaw
Vehumet
Wu Jian
Xom
Yredelemnul

Shops:
D:3 (


Innate Abilities, Weirdness & Mutations

You cannot wear most types of armour.
You are amphibious.
You can wear up to eight rings at the same time.
Your skin changes colour to match your surroundings (Stealth+).
Your rubbery body absorbs attacks. (AC +1, EV +1)
((You are camouflaged when in or above water. (Stealth+)))
You have tentacles for arms and can constrict up to eight enemies at once.


Message History

Dithmenos accepts your kill.
No target in view!
No target in view!
Things that are here:
a +3 scimitar of freezing; a +0 robe
U - a +3 scimitar of freezing You drop a +1 scimitar of freezing.
Items here: ( )) [[.
Okay, then.
You start resting.
HP restored.
You now have 402 gold pieces (gained 17).
w - 3 scrolls labelled ZASAUGR BAIKOL (gained 1)
You see here a +0 shortbow.
S - a scroll of identify A wyvern comes into view.
Found a staircase to the Lair.
An elephant and 2 basilisks come into view.
The basilisk hisses angrily.
The wyvern hisses angrily.
The elephant trumpets!
Found a scale mail and 6 stones.
The basilisk gazes at you.
You are slowing down.
The wyvern attacks as you move away! The wyvern closely misses you.
You block the wyvern's attack. The wyvern bites you!
Your limbs are stiffening.
The wyvern attacks as you move away! The wyvern bites you!
The wyvern barely misses you.
You have turned to stone.
The wyvern bites you. The basilisk bites you! The wyvern bites you!
The basilisk gazes at you. The wyvern bites you! The wyvern bites you.
The basilisk gazes at you.
The basilisk bites the fungus!!
The fungus begins to die.
The wyvern bites you but does no damage.
The basilisk bites you!!
* * * LOW HITPOINT WARNING * * *
The basilisk bites the fungus.
The wyvern bites you!
* * * LOW HITPOINT WARNING * * *
The wyvern bites you!!
You die...

###..........#
##............# ####
#..#......... (....
............# ##.....
P.PPPPP......##.......
P.......P....#........
P.P...P.P......=......
.P.P._.P.P.##+l.....>.[
...P...P.P.#.@lYP......
.........P.#[##l.P.....
..P.PPP.....###.......
.......)[.### ##.....
####.##.#.# #....
#......# .... ######.#
.. #.# #.#


You could see an elephant, 2 basilisks and a wyvern.

Vanquished Creatures
  Maggie (D:7)
  Prince Ribbit (D:7)
  A wyvern (D:8)
  3 orc warriors
  2 sky beasts (D:6)
  2 ice beasts
  3 ogres (D:5)
  4 centaurs
  A necrophage (D:6)
  2 bullfrogs
  2 scorpions
  8 wights
  2 hounds
  Crazy Yiuf (D:2)
  8 orc priests
  3 jellies
  Ijyb (D:5)
  Natasha (twice) (D:2)
  6 orc wizards
  5 iguanas
  6 adders
  A shadow imp (D:5)
  2 white imps (D:7)
  3 dart slugs
  17 orcs
  3 ball pythons
  An endoplasm (D:3)
  5 goblins
  6 hobgoblins
  6 kobolds
  A quokka (D:2)
  2 bats
  3 frilled lizards
  6 rats
120 creatures vanquished.

Vanquished Creatures (others)
  6 fungi (D:9)
6 creatures vanquished.

Grand Total: 126 creatures vanquished

Notes
Turn   | Place    | Note
-------+----------+-------------------------------------------
     0 | D:1      | mopl the Octopode Brigand began the quest for the Orb.
     0 | D:1      | Reached XP level 1. HP: 14/14 MP: 1/1
   324 | D:1      | Reached XP level 2. HP: 19/19 MP: 2/2
   874 | D:2      | Identified the +1 sling of Tinnom {elec, rN+ Will+}
   877 | D:2      | Reached XP level 3. HP: 24/24 MP: 3/3
   984 | D:2      | Noticed Natasha
   990 | D:2      | Killed Natasha
   991 | D:2      | Reached skill level 3 in Short Blades
   991 | D:2      | Reached skill level 6 in Stealth
   991 | D:2      | Reached XP level 4. HP: 20/29 MP: 4/4
  1047 | D:2      | Learned a level 3 spell: Mephitic Cloud
  1193 | D:2      | Noticed Natasha
  1203 | D:2      | Killed Natasha
  1204 | D:2      | Reached skill level 3 in Throwing
  1268 | D:2      | Found a runed translucent door.
  1269 | D:2      | Noticed Crazy Yiuf
  1521 | D:2      | Killed Crazy Yiuf
  1522 | D:2      | Reached XP level 5. HP: 20/34 MP: 5/5
  1648 | D:3      | Found Jut Goti's Weapon Shop.
  1688 | D:3      | Found a faded altar of an unknown god.
  1700 | D:3      | Prayed at the altar of an unknown god.
  1700 | D:3      | Became a worshipper of Dithmenos the Shadowed
  1700 | D:3      | Reached * piety under Dithmenos
  2100 | D:3      | Found a basalt altar of Yredelemnul.
  2192 | D:3      | Found a burning altar of Makhleb.
  2194 | D:3      | Noticed a green death
  2327 | D:4      | Reached skill level 1 in Invocations
  2327 | D:4      | Reached skill level 1 in Evocations
  2373 | D:4      | Reached XP level 6. HP: 39/39 MP: 6/6
  2386 | D:4      | Found a blossoming altar of Fedhas.
  2394 | D:4      | Reached skill level 7 in Stealth
  2548 | D:4      | Identified the +2 quarterstaff "Sinil" {freeze, rC+}
  2631 | D:5      | Entered Level 5 of the Dungeon
  2651 | D:5      | Noticed Ijyb
  2658 | D:5      | Killed Ijyb
  2703 | D:5      | Reached ** piety under Dithmenos
  2715 | D:5      | Reached skill level 1 in Shields
  2737 | D:5      | You fall into a shaft and drop 3 floors!
  2752 | D:8      | Noticed a wyvern
  2754 | D:8      | Killed a wyvern
  2755 | D:8      | Reached skill level 4 in Short Blades
  2755 | D:8      | Reached skill level 4 in Throwing
  2755 | D:8      | Reached skill level 2 in Invocations
  2755 | D:8      | Reached skill level 2 in Evocations
  2755 | D:8      | Reached XP level 7. HP: 45/45 MP: 8/8
  2796 | D:8      | Found an ornate altar of the Wu Jian Council.
  2954 | D:8      | Reached skill level 2 in Shields
  3240 | D:7      | Noticed Maggie
  3510 | D:8      | Reached skill level 3 in Invocations
  3510 | D:8      | Reached skill level 3 in Evocations
  3510 | D:8      | Reached XP level 8. HP: 19/50 MP: 10/10
  3652 | D:7      | Noticed Prince Ribbit
  3660 | D:7      | Found a broken altar of Ashenzari.
  3685 | D:6      | Reached skill level 8 in Stealth
  3838 | D:6      | Found a radiant altar of Vehumet.
  4258 | D:5      | Found a faded altar of an unknown god.
  4258 | D:5      | Found a bloodstained altar of Trog.
  4275 | D:5      | Found a shadowy altar of Dithmenos.
  4283 | D:5      | Reached skill level 3 in Shields
  4283 | D:5      | Found a faded altar of an unknown god.
  4285 | D:5      | Found a sacrificial altar of Ru.
  4466 | D:6      | Reached skill level 5 in Short Blades
  4466 | D:6      | Reached skill level 5 in Throwing
  4518 | D:6      | Reached skill level 4 in Evocations
  4588 | D:6      | Found a hide-covered altar of Uskayaw.
  4602 | D:6      | Reached skill level 4 in Invocations
  4706 | D:6      | Reached XP level 9. HP: 54/54 MP: 12/12
  4711 | D:6      | Reached skill level 9 in Stealth
  4715 | D:6      | Reached *** piety under Dithmenos
  4771 | D:6      | Found a stormy altar of Qazlal.
  5036 | D:6      | Reached skill level 4 in Shields
  5521 | D:7      | Found a staircase to the Ecumenical Temple.
  5689 | D:7      | Killed Prince Ribbit
  5690 | D:7      | Reached skill level 5 in Evocations
  5707 | D:7      | Reached skill level 5 in Invocations
  5803 | D:7      | Killed Maggie
  5804 | D:7      | Reached skill level 6 in Short Blades
  5804 | D:7      | Reached skill level 6 in Throwing
  5877 | D:7      | Found a shimmering altar of Xom.
  5955 | D:7      | Found a hazy altar of Hepliaklqana.
  6150 | D:7      | Learned a level 2 spell: Blink
  6352 | D:8      | Reached skill level 10 in Stealth
  6558 | D:9      | Found an iron altar of Okawaru.
  6566 | D:9      | Reached skill level 1 in Translocations
  6566 | D:9      | Reached XP level 10. HP: 50/60 MP: 14/14
  6619 | D:9      | Found a staircase to the Lair.
  6620 | D:9      | Noticed an elephant
  6628 | D:9      | Slain by a wyvern

Illustrated notes

Levels and vault maps discovered:
D:1:      dpeg_arrival_circle_labyrinth_c, layout_basic
D:2:      layout_basic, minmay_circle_x, uniq_natasha, uniq_crazy_yiuf_cottage
D:3:      layout_loops_ring, yredelemnul_altar_generic,
          makhleb_altar_promises_db, dreamdust_ecumenical_altar_statues,
          serial_shops, nicolae_shop_temple_entry_statues_fountains
D:4:      layout_basic, mainiacjoe_overflow_concentric_impassable
D:5:      layout_gridville, chequers_temple_overflow_minitemple, uniq_ijyb
D:6:      layout_loops_ring, kennysheep_mini_moat, nicolae_uskayaw_dance_hall,
          mainiacjoe_overflow_six_doors_small, minmay_checkerbox
D:7:      layout_loops_ring, mainiacjoe_overflow_alcove_1,
          nicolae_hepliaklqana_hippocampus, mainiacjoe_overflow_brackets,
          minmay_temple_entry_junction_2, uniq_prince_ribbit1, uniq_maggie
D:8:      layout_basic, nicolae_wu_jian_immortal_techniques
D:9:      layout_roguey, amcnicky_altar_gilded, elyvilon_altar_3,
          mainiacjoe_overflow_cross_hatched, david_lair_generic,
          gammafunk_ghost_smash

Skill      XL: |  1  2  3  4  5  6  7  8  9 |
---------------+----------------------------+-----
Short Blades   | 3 4 5 6 |  6.3
Stealth        | 6 7 8 10 | 10.1
Throwing       | 3 4 5 6 |  6.3
Invocations    | 1 2 3 4 5 |  5.6
Evocations     | 1 2 3 4 5 |  5.7
Shields        | 1 2 3 4 |  4.9
Translocations | 1 |  1.3
Fighting       | |  2.0
Dodging        | |  1.0

Action                     |  1- 3 |  4- 6 |  7- 9 | 10-12 || total
---------------------------+-------+-------+-------+-------++-------
  Melee: Dagger            |    33 |    55 |   209 |    11 ||   308
         Constrict         |     4 |    10 |    31 |     2 ||    47
         Tentacles         |     2 |     7 |    51 |     3 ||    63
         Punch             |     1 |       |     6 |     1 ||     8
  Throw: Dart              |       |     2 |     7 |       ||     9
  Evoke: Wand              |       |       |     2 |       ||     2
    Use: Scroll            |       |       |     9 |       ||     9
         Potion            |       |       |     2 |       ||     2
   Stab: Sleeping          |    15 |    14 |    16 |       ||    45
         Distracted        |       |       |     1 |       ||     1
 Armour: Skin              |       |     2 |     6 |     1 ||     9
  Dodge: Dodged            |     9 |    17 |   109 |     4 ||   139
  Block: Tower shield      |       |     5 |   116 |     6 ||   127

Table legend: (Time is in decaauts)
 A = Elapsed time spent in this place.
 B = Non-inter-level travel time spent in this place.
 C = Inter-level travel time spent in this place.
 D = Time resting spent in this place.
 E = Time spent auto-exploring this place.
 F = Levels seen in this place.
 G = Mean time per level.
                   A        B        C        D        E       F      G
               +--------+--------+--------+--------+--------+-----+--------+
         Total |   6646 |   6335 |    311 |    990 |   4136 |   9 |  738.4 |
       Dungeon |   6646 |   6335 |    311 |    990 |   4136 |   9 |  738.4 |
               +--------+--------+--------+--------+--------+-----+--------+

Top non-repeatable levels by time:
     D:8: 1204 daAuts
     D:7: 1055 daAuts
     D:6: 996 daAuts
     D:2: 876 daAuts
     D:1: 739 daAuts
     D:5: 685 daAuts
     D:3: 672 daAuts
     D:4: 331 daAuts
     D:9: 86 daAuts
